 Dungeon Crawl Stone Soup version 0.20-a0-540-ge6d1839 (webtiles) character file.

216278 HallandMoats the Warrior (level 19, -4/141 HPs)
             Began as a Gargoyle Fighter on Jan 29, 2017.
             Was a High Priest of Okawaru.
             Blown up by an orb spider (32 damage)
             ... with a wavering orb of destruction
             ... on level 4 of the Spider Nest.
             The game lasted 01:54:00 (35353 turns).

HallandMoats the Warrior (Gargoyle Fighter)        Turns: 35353, Time: 01:54:00

Health: -4/141     AC: 48    Str: 26    XL:     19   Next: 5%
Magic:  39/39      EV: 14    Int: 12    God:    Okawaru [*****.]
Gold:   1209       SH:  8    Dex: 13    Spells: 18/18 levels left

rFire    . . .     SeeInvis +   a - +5 scimitar (flame)
rCold    . . .     Gourm    +   T - +1 crystal plate armour
rNeg     + . .     Faith    .   F - +2 buckler {AC+3}
rPois    ∞         Spirit   .   K - +0 hat {SInv}
rElec    +         Reflect  .   A - +2 cloak of the Thief {+Fog Slay-2 SInv Stlth+}
rCorr    .         Harm     .   n - +2 pair of gloves of Poigon {MP+9 Str+3 Stlth+}
MR       +....                  c - +1 pair of boots
Stlth    ..........             N - amulet of the gourmand
Regen    0.4/turn               C - +4 ring of evasion
                                M - +2 ring of slaying

@: flying
A: big wings, hooves 1, negative energy resistance 1, robust 1, electricity
resistance, strong 1, unbreathing, petrification resistance, rot immunity,
MP-powered wands, AC +13
}: 1/15 runes: barnacled
a: Stop Flying, Heroism, Finesse, Renounce Religion, Evoke Fog


You were on level 4 of the Spider Nest.
You worshipped Okawaru.
Okawaru was extremely pleased with you.
You were full.

You visited 6 branches of the dungeon, and saw 32 of its levels.
You also visited: Labyrinth and Volcano.

You collected 3103 gold pieces.
You spent 1894 gold pieces at shops.

Inventory:

Hand Weapons
 a - a +5 scimitar of flaming (weapon)
 d - the +7 falchion "Ufahom" {freeze, *Noise *Corrode rElec rC+++}
   (Okawaru gifted it to you on level 3 of the Spider Nest)

   It has been specially enchanted to freeze those struck by it, causing extra
   injury to most foes and up to half again as much damage against particularly
   susceptible opponents.
   It can also slow down cold-blooded creatures.
   It renders you almost immune to cold.
   It insulates you from electricity.
   It may make noises in combat.
   It may corrode you when you take damage.
 u - the +7 short sword of Umihet {antimagic, +Inv Int+2}
   (You found it on level 4 of the Dungeon)

   It reduces the magical energy of the wielder, and disrupts the spells and
   magical abilities of those hit.
   Natural abilities and divine invocations are not affected.
   It affects your intelligence (+2).
   It lets you turn invisible.
Armour
 c - a +1 pair of boots (worn)
 n - the +2 pair of gloves of Poigon (worn) {MP+9 Str+3 Stlth+}
   (Okawaru gifted it to you on level 2 of the Lair of Beasts)

   It affects your strength (+3).
   It affects your magic capacity (+9).
   It makes you more stealthy.
 t - the +18 shield of the Gong {rElec rN+ MR+ EV-5}
   (You found it in a labyrinth)

   It affects your evasion (-5).
   It insulates you from electricity.
   It protects you from negative energy.
   It affects your resistance to hostile enchantments.
 v - the +1 robe of Okawaru's Castigation {Str+4}
   (Okawaru gifted it to you on level 6 of the Lair of Beasts)

   It affects your strength (+4).
 A - the +2 cloak of the Thief (worn) {+Fog Slay-2 SInv Stlth+}
   (You found it on level 14 of the Dungeon)

   It affects your accuracy and damage with ranged weapons and melee attacks
   (-2).
   It lets you see invisible.
   It can be evoked to emit clouds of fog.
   It makes you more stealthy.
 F - a +2 buckler of protection (worn)
 K - a +0 hat of see invisible (worn)
 T - a +1 crystal plate armour (worn)
 Z - a +0 troll leather armour
Jewellery
 i - an uncursed ring of protection from magic
 m - the ring of Divine Compulsion {rF+ MR++ Stlth-}
   (You acquired it on level 9 of the Dungeon)

   [ring of protection from fire]

   It protects you from fire.
   It affects your resistance to hostile enchantments.
   It makes you less stealthy.
 q - a +2 amulet of reflection
 C - a +4 ring of evasion (right hand)
 L - an uncursed amulet of rage
 M - a +2 ring of slaying (left hand)
 N - an amulet of the gourmand (around neck)
 X - a +3 ring of evasion
 Y - an uncursed ring of positive energy
Wands
 b - a wand of acid (9/15)
 Q - a wand of digging (17/24)
Scrolls
 h - 3 scrolls of fog
 o - 6 scrolls of enchant armour
 p - 10 scrolls of remove curse
 s - 9 scrolls of teleportation
 w - 6 scrolls of amnesia
 y - 4 scrolls of enchant weapon
 G - 3 scrolls of magic mapping
 J - a scroll of fear
 P - 5 scrolls of identify
 R - 8 scrolls of blinking
 S - a scroll of silence
Potions
 e - 16 potions of curing
 g - 4 potions of ambrosia
 j - 3 potions of cure mutation
 k - a potion of magic
 l - a potion of cancellation
 r - 4 potions of berserk rage
 x - 5 potions of brilliance
 B - 4 potions of heal wounds
 D - 4 potions of resistance
 I - 2 potions of might
 W - 2 potions of haste
Miscellaneous
 z - a crystal ball of energy
 H - a phial of floods
 O - a fan of gales
 V - a phantom mirror
Comestibles
 f - 19 bread rations
 E - 15 meat rations
 U - 34 fruits


   Skills:
 * Level 17.6 Fighting
 * Level 14.9 Long Blades
 + Level 11.4 Armour
 * Level 10.0 Dodging
 - Level 7.7 Stealth
 + Level 8.6 Shields
 * Level 15.8 Invocations
 - Level 8.0 Evocations


You had 18 spell levels left.
You didn't know any spells.

Dungeon Overview and Level Annotations

Branches:
Dungeon (15/15)            Temple (1/1) D:6            Lair (6/6) D:11
 Shoals (4/4) Lair:4       Spider (4/4) Lair:2        Slime (0/5) Lair:6
    Orc (2/2) D:11            Elf (0/3) Orc:2        Vaults (0/5) D:13
 Depths (0/5) D:15

Altars:
Ashenzari
Cheibriados
Dithmenos
Elyvilon
Fedhas
Gozag
Hepliaklqana
Kikubaaqudgha
Makhleb
Nemelex Xobeh
Okawaru
Qazlal
Ru
Sif Muna
Trog
Uskayaw
Vehumet
Xom
Yredelemnul
Zin
The Shining One
Beogh
Jiyva

Shops:
D:8 =[:(%   D:9 ?   D:11 (   Orc:1 [   Orc:2 [}?(

Annotations:
Spider:4 Aizul


Innate Abilities, Weirdness & Mutations

You are resistant to torment.
Your stone body is resilient. (AC +13)
You are immune to poison.
Your large and strong wings let you fly indefinitely.
You resist negative energy. (rN+)
You are resistant to electric shocks. (rElec)
You can survive without breathing.
You are immune to petrification.
You are immune to rotting.
You have large cloven feet.
You are robust. (+10% HP)
Your muscles are strong. (Str +2)
You expend magic power (3 MP) to strengthen your wands.


Message History

The orb spider begins to weave its threads into a brightly glowing ball.
You feel like a meek peon again.
The orb spider weaves a glowing orb of energy.
You block the orb of destruction.
You closely miss the orb spider.
The orb spider is almost dead.
You slice the orb spider!! You burn the orb spider.
You kill the orb spider!
Okawaru accepts your kill.
The orb spider weaves a glowing orb of energy.
An orb of destruction comes into view.
Aizul the Neglectful Guardian comes into view.
Aizul shouts!
The orb of destruction hits you!
* * * LOW HITPOINT WARNING * * *
The orb spider spins a strand of pure energy.
The orb spider weaves a glowing orb of energy.
An orb of destruction comes into view.
The wavering orb of destruction hits you!
You die...

#..... ...... #.)....
##...# #### ##<.# ##
##^.^##..## ...
......#.†.## ....
.....^..†/^# #....
...%..s§@..# ##.....
......S#..#####.......
..................#
#######..........##
###...†..### ##....##
##..## #....# #..#.#


You could see Aizul and an orb spider.

Vanquished Creatures
  Saint Roka (Orc:2)
  A titan (Shoals:1)
  Frances (D:12)
  2 krakens
  Gastronok (Lair:2)
  Polyphemus (Shoals:3)
  Kirke (Shoals:2)
  Roxanne (Spider:3)
  Ilsuiw (Shoals:4)
  A frost giant (Shoals:1)
  An orc warlord (Orc:2)
  2 ghost moths (Spider:2)
  3 entropy weavers
  A spark wasp (Spider:2)
  Azrael (Orc:2)
  10 merfolk javelineers
  5 merfolk impalers (Shoals:4)
  Josephine (Orc:2)
  Erolcha (D:10)
  A minotaur (Lab)
  2 rakshasas (D:15)
  Harold (D:12)
  A hydra (shapeshifter) (D:15)
  3 hydras
  6 merfolk avatars
  A death knight (D:14)
  5 two-headed ogres
  5 catoblepae
  4 centaur warriors
  4 satyrs
  9 merfolk aquamancers
  3 alligator snapping turtles
  An orc high priest (Orc:1)
  12 death yaks
  A hell knight (Volcano)
  Sonja (D:12)
  A salamander mystic (Volcano)
  A glowing orange brain (D:15)
  13 sea snakes
  31 harpies
  A lindwurm (Lair:4)
  A wizard (D:13)
  4 unseen horrors
  10 orb spiders
  10 ugly things
  A necromancer (D:13)
  10 orc knights
  15 wolf spiders
  A wolf spider zombie (D:15)
  A deep elf mage (D:13)
  6 salamanders (Volcano)
  3 orc sorcerers
  7 cyclopes
  15 fauns
  A black mamba (Lair:3)
  12 manticores
  6 water nymphs
  5 merfolk sirens
  An elephant (shapeshifter) (D:15)
  A molten gargoyle (Lair:4)
  Joseph (D:7)
  Maurice (D:12)
  A centaur skeleton (D:11)
  A rime drake (shapeshifter) (D:14)
  11 spiny frogs
  The ghost of lagrange the Chopper, a novice HaBe of Trog (D:4)
  A freezing wraith (D:15)
  A rime drake (Lair:5)
  9 komodo dragons
  5 yaktaurs
  An efreet (D:15)
  A kobold demonologist (D:12)
  5 trolls
  6 demonic crawlers
  A harpy zombie (D:15)
  3 polar bears (Lair:6)
  26 jumping spiders
  5 wind drakes
  17 hornets
  24 merfolk
  11 blink frogs
  13 slime creatures
  A hippogriff (shapeshifter) (D:15)
  17 dream sheep
  8 snapping turtles
  A centaur simulacrum (D:15)
  14 hippogriffs
  7 water elementals
  A spriggan (Lair:2)
  2 vampires
  37 redbacks
  A shadow (D:13)
  18 tarantellas
  3 wraiths (Orc:2)
  6 hogs
  4 wyverns
  2 fire elementals (Orc:2)
  58 yaks
  Grum (D:10)
  A human (D:11)
  2 hungry ghosts
  7 wargs
  6 vampire mosquitoes (D:14)
  An acid dragon (D:15)
  A floating eye (shapeshifter) (D:15)
  6 hell hounds
  8 porcupines
  13 water moccasins
  2 black bears
  A hornet zombie (D:13)
  An ice beast (D:9)
  48 orc warriors
  An eye of draining (D:13)
  7 sky beasts
  3 necrophages
  3 phantoms
  12 ogres
  19 centaurs
  33 wolves
  7 crocodiles
  5 big kobolds
  Blork the orc (D:4)
  19 bullfrogs
  An earth elemental (Lab)
  7 scorpions
  5 killer bees (D:9)
  8 wights
  4 electric eels
  3 howler monkeys
  A spriggan skeleton (Lab)
  3 centaur zombies
  7 crimson imps
  A lava snake (Lair:4)
  A quasit (D:8)
  3 bullfrog zombies
  A jelly (D:11)
  Crazy Yiuf (D:3)
  3 bullfrog skeletons
  21 orc priests
  7 hounds
  27 orc wizards
  5 iguanas
  12 worker ants
  2 hound skeletons
  Robin (D:4)
  4 gnolls (D:9)
  A howler monkey skeleton (D:5)
  13 adders
  5 shadow imps
  2 adder zombies
  6 worms
  A dart slug (D:2)
  5 leopard geckos
  110 orcs
  7 bats
  10 giant cockroaches
  15 goblins
  12 hobgoblins
  8 jackals
  2 quokkas
  4 frilled lizards
  27 kobolds
  3 leopard gecko skeletons
  A quokka zombie (D:7)
  3 rats
  A plant (Shoals:2)
  A tentacle (Shoals:2)
1151 creatures vanquished.

Vanquished Creatures (others)
  2 jumping spiders
  A tarantella (Spider:4)
  A warg (Orc:2)
  2 bushes
  13 fungi
  18 plants
  8 tentacles
45 creatures vanquished.

Grand Total: 1196 creatures vanquished

Notes
Turn   | Place    | Note
-------+----------+-------------------------------------------
     0 | D:1      | HallandMoats the Gargoyle Fighter began the quest for the Orb.
     0 | D:1      | Reached XP level 1. HP: 14/14 MP: 1/1
   441 | D:1      | Reached XP level 2. HP: 19/19 MP: 2/2
   846 | D:2      | Reached XP level 3. HP: 24/24 MP: 3/3
   955 | D:2      | Reached skill level 4 in Fighting
  1141 | D:2      | Reached skill level 1 in Dodging
  1599 | D:2      | Reached XP level 4. HP: 29/29 MP: 4/4
  1901 | D:3      | Found a radiant altar of Vehumet.
  1902 | D:3      | Found a burning altar of Makhleb.
  2043 | D:3      | Reached XP level 5. HP: 34/34 MP: 5/5
  2183 | D:3      | Found a runed door.
  2243 | D:3      | Found a sparkling altar of Nemelex Xobeh.
  2246 | D:3      | Found a glowing golden altar of the Shining One.
  2280 | D:3      | Found a blossoming altar of Fedhas.
  2322 | D:3      | Noticed Crazy Yiuf
  2331 | D:3      | Killed Crazy Yiuf
  2708 | D:4      | Noticed lagrange's ghost (novice HaBe)
  2735 | D:5      | Entered Level 5 of the Dungeon
  2962 | D:5      | Reached skill level 5 in Fighting
  2962 | D:5      | Reached XP level 6. HP: 34/40 MP: 6/6
  3360 | D:5      | Reached XP level 7. HP: 45/45 MP: 7/7
  3469 | D:5      | Found a bloodstained altar of Trog.
  3480 | D:5      | Reached skill level 6 in Fighting
  3794 | D:4      | Noticed Robin
  3827 | D:4      | Killed Robin
  3864 | D:4      | Noticed Blork the orc
  3880 | D:4      | Killed Blork the orc
  4180 | D:4      | Killed lagrange's ghost
  4180 | D:4      | Reached skill level 7 in Fighting
  4180 | D:4      | Reached skill level 5 in Long Blades
  4180 | D:4      | Reached skill level 5 in Armour
  4180 | D:4      | Reached XP level 8. HP: 41/53 MP: 8/8
  4587 | D:4      | Got a translucent short sword
  4639 | D:3      | Identified the +7 short sword of Umihet {antimagic, +Inv Int+2} (You found it on level 4 of the Dungeon)
  4760 | D:6      | Found a staircase to the Ecumenical Temple.
  4784 | Temple   | Entered the Ecumenical Temple
  4957 | D:6      | Reached XP level 9. HP: 47/59 MP: 3/9
  5267 | D:6      | Reached skill level 8 in Fighting
  5269 | D:6      | Found a hide-covered altar of Uskayaw.
  5309 | D:6      | Found a deep blue altar of Sif Muna.
  5355 | D:6      | Found a glowing silver altar of Zin.
  5388 | D:6      | Found an ancient bone altar of Kikubaaqudgha.
  5809 | D:3      | Became a worshipper of the Shining One
  6151 | D:7      | Found an iron altar of Okawaru.
  6160 | D:7      | Reached * piety under the Shining One
  6482 | D:7      | Noticed Joseph
  6508 | D:7      | Killed Joseph
  6508 | D:7      | Reached skill level 9 in Fighting
  6742 | D:7      | Fell from the grace of the Shining One
  6742 | D:7      | Became a worshipper of Warmaster Okawaru
  6800 | D:8      | Reached skill level 1 in Invocations
  6838 | D:8      | Found Etear's Book Boutique.
  6840 | D:8      | Found Ahak's Antique Weapon Shoppe.
  6991 | D:8      | Reached XP level 10. HP: 66/66 MP: 3/11
  7015 | D:8      | Found Xuvugeir's Food Shoppe.
  7041 | D:8      | Reached * piety under Okawaru
  7085 | D:8      | Found Asut's Armour Shoppe.
  7188 | D:8      | Found Qupoak's Jewellery Boutique.
  7306 | D:8      | You fall through a shaft for 3 floors!
  7309 | D:11     | Noticed Erolcha
  7323 | D:10     | Entered Level 10 of the Dungeon
  7336 | D:10     | Killed Erolcha
  7346 | D:10     | Reached ** piety under Okawaru
  7408 | D:10     | Reached skill level 10 in Fighting
  7433 | D:10     | Reached skill level 5 in Dodging
  7915 | D:8      | Reached skill level 5 in Invocations
  8147 | D:9      | Reached *** piety under Okawaru
  8172 | D:9      | Found Extotoz's Magic Scroll Emporium.
  8326 | D:9      | Noticed a two-headed ogre
  8344 | D:9      | Killed a two-headed ogre
  8344 | D:9      | Reached XP level 11. HP: 47/73 MP: 5/15
  9120 | D:10     | Noticed Grum
  9148 | D:10     | Killed Grum
  9333 | D:10     | Found a burning altar of Makhleb.
  9896 | D:11     | Found Xola's Weapon Boutique.
  9911 | D:11     | Found a staircase to the Lair.
  9915 | D:11     | Noticed a five-headed hydra
  9928 | D:11     | Killed a five-headed hydra
 10160 | D:11     | Reached **** piety under Okawaru
 10170 | D:11     | Reached skill level 11 in Fighting
 10315 | D:11     | Noticed a two-headed ogre
 10328 | D:11     | Killed a two-headed ogre
 10480 | D:11     | Killed an unseen horror
 10644 | D:11     | Noticed a green ugly thing
 10677 | D:11     | Killed a green ugly thing
 10801 | D:11     | Found a staircase to the Orcish Mines.
 10884 | D:11     | Reached ***** piety under Okawaru
 10925 | D:11     | Reached XP level 12. HP: 73/80 MP: 17/17
 11620 | D:12     | Noticed Sonja
 11641 | D:12     | Killed Sonja
 11641 | D:12     | Reached skill level 1 in Evocations
 11716 | D:12     | Noticed Maurice
 11750 | D:12     | Killed Maurice
 12128 | D:12     | Reached skill level 12 in Fighting
 12211 | D:12     | Noticed a two-headed ogre
 12220 | D:12     | Noticed Harold
 12222 | D:12     | Killed a two-headed ogre
 12222 | D:12     | Reached skill level 10 in Long Blades
 12237 | D:12     | Killed Harold
 12368 | D:12     | Noticed Frances
 12384 | D:12     | Gained mutation: You expend magic power (3 MP) to strengthen your wands. [a neqoxec]
 12385 | D:12     | Killed Frances
 12465 | D:12     | Noticed a sun demon
 12482 | D:12     | Received a gift from Okawaru
 12736 | D:13     | Noticed a two-headed ogre
 12743 | D:13     | Killed a two-headed ogre
 12846 | D:13     | Reached XP level 13. HP: 67/87 MP: 17/20
 12909 | D:13     | Reached skill level 1 in Stealth
 13156 | D:13     | Reached ****** piety under Okawaru
 13156 | D:13     | Reached skill level 13 in Fighting
 13268 | D:13     | Received a gift from Okawaru
 13384 | D:13     | Reached skill level 10 in Invocations
 13624 | D:13     | Found a gate to the Vaults.
 14226 | D:14     | Received a gift from Okawaru
 14816 | D:15     | Entered Level 15 of the Dungeon
 14816 | D:15     | Noticed a rakshasa
 15057 | D:15     | Killed a rakshasa
 15098 | D:15     | Gained mutation: Your large and strong wings let you fly indefinitely. [Gargoyle growth]
 15098 | D:15     | Reached XP level 14. HP: 95/95 MP: 22/22
 15263 | D:15     | Found a shadowy altar of Dithmenos.
 15283 | D:15     | Found a basalt altar of Yredelemnul.
 15723 | D:15     | Identified a scroll of acquirement
 15794 | D:15     | Reached skill level 5 in Evocations
 15810 | D:15     | Reached skill level 5 in Stealth
 15896 | D:15     | Reached skill level 14 in Fighting
 16016 | D:15     | Found a staircase to the Depths.
 16380 | D:9      | Bought a scroll of acquirement for 520 gold pieces
 16380 | D:9      | Bought a scroll of magic mapping for 35 gold pieces
 16380 | D:9      | Bought a scroll of enchant weapon for 75 gold pieces
 16380 | D:9      | Bought a scroll of enchant armour for 75 gold pieces
 16381 | D:9      | Got a slimy marble ring
 16383 | D:9      | Identified the ring of Divine Compulsion {rF+ MR++ Stlth-} (You acquired it on level 9 of the Dungeon)
 16486 | Lair:1   | Entered Level 1 of the Lair of Beasts
 17405 | Lair:2   | Received a gift from Okawaru
 17491 | Lair:2   | Got a pair of slimy gloves {god gift}
 17499 | Lair:2   | Identified the +2 pair of gloves of Poigon {MP+9 Str+3 Stlth+} (Okawaru gifted it to you on level 2 of the Lair of Beasts)
 17660 | Lair:2   | Found a hole to the Spider Nest.
 17687 | Lair:2   | Noticed Gastronok
 17696 | Lair:2   | Killed Gastronok
 18427 | Lair:3   | Got a dazzling scale mail
 18444 | Lair:3   | Identified the +0 scale mail "Zuakagho" {*Slow rElec rF- SInv} (You found it on level 3 of the Lair of Beasts)
 18619 | Lair:3   | Got an ichor-stained ring mail
 18631 | Lair:3   | Identified the cursed +1 ring mail "Hacutra" {-Tele rF+ rC- Dex+7} (You found it on level 3 of the Lair of Beasts)
 19220 | Lair:4   | Found a staircase to the Shoals.
 19258 | Lair:4   | Found a labyrinth entrance.
 19277 | Lab      | Entered a labyrinth
 19767 | Lab      | Reached XP level 15. HP: 95/101 MP: 24/24
 19770 | Lab      | Identified the Catalogue of the Blowfly
 21620 | Lair:6   | Entered Level 6 of the Lair of Beasts
 21653 | Lair:6   | Found a dark tunnel.
 21690 | Lair:6   | Received a gift from Okawaru
 21693 | Lair:6   | Got a distressingly furry robe {god gift}
 21704 | Lair:6   | Identified the +1 robe of Okawaru's Castigation {Str+4} (Okawaru gifted it to you on level 6 of the Lair of Beasts)
 21726 | Volcano  | Entered a volcano
 21745 | Volcano  | Found a burning altar of Makhleb.
 21759 | Volcano  | Reached skill level 15 in Fighting
 22703 | Lair:6   | Found a viscous altar of Jiyva.
 22703 | Lair:6   | Found a staircase to the Slime Pits.
 23100 | Lair:6   | Received a gift from Okawaru
 23442 | Orc:1    | Entered Level 1 of the Orcish Mines
 23479 | Orc:1    | Found Zingo's Antique Armour Emporium.
 23613 | Orc:1    | Reached XP level 16. HP: 86/108 MP: 26/26
 24021 | Orc:1    | Found a bloodstained altar of Trog.
 24137 | Orc:1    | Found a bloodstained altar of Trog.
 24307 | Orc:2    | Entered Level 2 of the Orcish Mines
 24373 | Orc:2    | Found a staircase to the Elven Halls.
 24430 | Orc:2    | Noticed Saint Roka
 24477 | Orc:2    | Killed Saint Roka
 24510 | Orc:2    | Noticed Josephine
 24539 | Orc:2    | Killed Josephine
 25011 | Orc:2    | Noticed Azrael
 25066 | Orc:2    | Killed Azrael
 25067 | Orc:2    | Received a gift from Okawaru
 25348 | Orc:2    | Found Qusu's Weapon Shoppe.
 25348 | Orc:2    | Found Mullap's Magic Scroll Shop.
 25399 | Orc:2    | Bought a scroll of identify for 36 gold pieces
 25399 | Orc:2    | Bought a scroll of identify for 36 gold pieces
 25399 | Orc:2    | Bought a scroll of identify for 36 gold pieces
 25399 | Orc:2    | Bought a scroll of identify for 36 gold pieces
 25399 | Orc:2    | Bought 3 scrolls of identify for 108 gold pieces
 25399 | Orc:2    | Bought a scroll of identify for 36 gold pieces
 25407 | Orc:2    | Gained mutation: You are robust. (+10% HP) [potion of mutation]
 25407 | Orc:2    | Gained mutation: You have large cloven feet. [potion of mutation]
 25407 | Orc:2    | Gained mutation: Your muscles are strong. (Str +2) [potion of mutation]
 25431 | Orc:2    | Found a roughly hewn altar of Beogh.
 25565 | Orc:2    | Reached skill level 5 in Shields
 25861 | Orc:2    | Found Pucuag's Antique Armour Shop.
 25861 | Orc:2    | Found Qutorof's Gadget Shoppe.
 25942 | Orc:2    | Bought a polished scale mail for 261 gold pieces
 25952 | Orc:2    | Identified the +5 scale mail of an ice cave {rElec rPois MP+9 Int-4} (You bought it in a shop on level 2 of the Orcish Mines)
 25963 | Orc:2    | Bought a pair of embroidered boots for 304 gold pieces
 26130 | Orc:1    | Bought a pair of runed boots for 336 gold pieces
 26304 | Shoals:1 | Entered Level 1 of the Shoals
 26389 | Shoals:1 | Noticed a kraken
 26405 | Shoals:1 | Killed a kraken
 26678 | Shoals:1 | Reached skill level 16 in Fighting
 26709 | Shoals:1 | Received a gift from Okawaru
 26882 | Shoals:1 | Noticed a titan
 26906 | Shoals:1 | Killed a titan
 27736 | Shoals:2 | Received a gift from Okawaru
 27736 | Shoals:2 | Reached XP level 17. HP: 69/126 MP: 27/27
 27764 | Shoals:2 | Reached skill level 10 in Armour
 27828 | Shoals:2 | Noticed Kirke
 27899 | Shoals:2 | Killed Kirke
 28341 | Shoals:2 | Noticed a kraken
 28363 | Shoals:2 | Killed a kraken
 28957 | Shoals:3 | Noticed Polyphemus
 29001 | Shoals:3 | Killed Polyphemus
 29001 | Shoals:3 | Received a gift from Okawaru
 29532 | Shoals:3 | Received a gift from Okawaru
 29812 | Shoals:4 | Entered Level 4 of the Shoals
 29882 | Shoals:4 | Reached skill level 15 in Invocations
 30100 | Shoals:4 | Noticed Ilsuiw
 30183 | Shoals:4 | Killed Ilsuiw
 30199 | Shoals:4 | Reached XP level 18. HP: 46/134 MP: 29/29
 30371 | Shoals:4 | Reached skill level 17 in Fighting
 30591 | Shoals:4 | Got a barnacled rune of Zot
 30787 | Shoals:4 | Received a gift from Okawaru
 31743 | Spider:1 | Entered Level 1 of the Spider Nest
 33775 | Spider:3 | Received a gift from Okawaru
 33791 | Spider:3 | Got a jewelled falchion {god gift}
 33792 | Spider:3 | Identified the +7 falchion "Ufahom" {freeze, *Noise *Corrode rElec rC+++} (Okawaru gifted it to you on level 3 of the Spider Nest)
 33825 | Spider:3 | Noticed Roxanne
 34028 | Spider:3 | Killed Roxanne
 34029 | Spider:3 | Identified Roxanne's Collected Works on the Mountains (You took it off Roxanne on level 3 of the Spider Nest)
 34475 | Spider:3 | Got a fine great sword
 34476 | Spider:3 | Identified the +4 great sword "Hydra's Death Toll" {holy, *Drain MR+ Str+5 Stlth+} (You found it on level 3 of the Spider Nest)
 34743 | Spider:3 | Reached XP level 19. HP: 101/140 MP: 30/30
 34751 | Spider:3 | Reached skill level 10 in Dodging
 35296 | Spider:4 | Entered Level 4 of the Spider Nest
 35350 | Spider:4 | Noticed Aizul
 35353 | Spider:4 | Blown up by an orb spider

Vault maps used:
D:1:      mrwooster_arrival_arrow
D:2:      minivault_23
D:3:      grunt_temple_overflow_lords_of_destruction,
          nicolae_overflow_hidden_temple, uniq_crazy_yiuf_cottage
D:4:      uniq_blork_the_orc, uniq_robin
D:5:      overflow_temple_1_default, first_bread
D:6:      kennysheep_mini, kennysheep_mini_moat, kiku_gazebo_garden_becter,
          lemuel_doored_altar, minmay_temple_entry_mist
D:7:      kennysheep_little_box, uniq_joseph
D:8:      serial_shops, nicolae_shop_crystal, shop_fountains, shop, shop,
          nicolae_shop_waterfront
D:9:      serial_shops, nicolae_shop_window_shopping, kennysheep_another_room
D:10:     basic_altar, minmay_liquid_box, st_stairs_11, uniq_grum
D:11:     minmay_lair_entry_lava, orc_0_dummy, serial_shops,
          nicolae_shop_competitors_out_of_business, grunt_livestock,
          uniq_erolcha
D:12:     uniq_maurice, uniq_sonja, uniq_frances, uniq_harold
D:13:     david_vaults_1
D:14:     hive_lemuel
D:15:     gammafunk_enter_depths_forms, nicolae_dithmenos_the_darkroom,
          yredelemnul_altar_generic
Temple:   cyrus_temple_forest
Lair:1:   infiniplex_staircase_pool
Lair:2:   dummy_spider_entry, grunt_forest_large_clearings, uniq_gastronok
Lair:3:   statuecave_lemuel, grunt_megastairs_5
Lair:4:   minmay_shoals_entry_lonely_mermaid, lab_entry_generic,
          grunt_megastairs_4
Lair:6:   evilmike_catoblepas_cave, slime_altar_1,
          lightli_volcano_entry_magma_tube
Shoals:1: cheibrodos_shoals_gigantism, nicolae_shoals_flooded_hall
Shoals:2: nicolae_shoals_water_shrine, uniq_kirke
Shoals:3: yaktaur_hedge, uniq_polyphemus
Shoals:4: shoals_end_hangedman, shoals_ilsuiw_ice
Spider:3: spider_trap, nicolae_spider_cling_ruins, uniq_roxanne
Spider:4: guppyfry_spider_rune, uniq_aizul
Orc:1:    serial_shops, nicolae_shop_stone, basic_altar, trog_butcher_becter
Orc:2:    st_orc_town, uniq_azrael, uniq_saint_roka, uniq_josephine
Lab:      labyrinth_watery, lab_hedge
Volcano:  kennysheep_volcano_temple

Skill      XL: |  1  2  3  4  5  6  7  8  9 10 11 12 13 14 15 16 17 18 19 |
---------------+----------------------------------------------------------+-----
Long Blades    | 2 3 4 5 6 7 8 9 10 11 12 13 14 | 14.9
Fighting       | 4 5 7 9 10 11 12 13 14 15 16 17 | 17.6
Dodging        | 1 2 3 4 5 6 7 8 9 10 | 10.0
Armour         | 4 5 6 7 8 9 10 11 | 11.4
Invocations    | 2 5 7 9 10 12 13 14 15 | 15.8
Evocations     | 2 4 6 8 |  8.0
Stealth        | 4 6 7 |  7.7
Shields        | 5 7 8 |  8.6

Action                   |  1- 3 |  4- 6 |  7- 9 | 10-12 | 13-15 | 16-18 | 19-21 || total
-------------------------+-------+-------+-------+-------+-------+-------+-------++-------
Melee: Long sword        |   190 |    89 |    21 |       |       |       |       ||   300
       Short sword       |       |   136 |   347 |   906 |    16 |       |       ||  1405
       Mace              |       |       |    88 |       |       |       |       ||    88
       Whip              |       |       |       |     4 |       |       |       ||     4
       Scimitar          |       |       |       |   103 |  1483 |  2191 |    60 ||  3837
       Falchion          |       |       |       |       |       |    89 |       ||    89
Invok: Heroism           |       |       |       |    13 |    10 |    31 |     1 ||    55
       Finesse           |       |       |       |     1 |     4 |     9 |       ||    14
 Abil: Evoke Berserk Rag |       |       |       |       |     2 |       |       ||     2
       Evoke Fog         |       |       |       |       |     2 |       |       ||     2
       Fly               |       |       |       |       |     1 |       |       ||     1
Evoke: Wand              |       |       |       |       |    12 |    26 |       ||    38
  Use: Scroll            |       |       |     9 |    16 |    16 |    18 |       ||    59
       Potion            |       |       |       |     2 |     6 |    16 |       ||    24
 Stab: Sleeping          |       |       |       |     1 |    23 |     4 |       ||    28
       Invisible         |       |       |       |       |       |    19 |       ||    19
       Distracted        |       |       |       |       |       |     1 |       ||     1
  Eat: Chunk             |     3 |     5 |    12 |    18 |    39 |    36 |     2 ||   115
       Fruit             |       |       |     3 |       |       |       |       ||     3
       Royal jelly       |       |       |       |     1 |     9 |       |       ||    10
Armor: Scale mail        |    84 |   108 |   193 |    90 |       |       |       ||   475
       Chain mail        |       |       |       |   261 |       |       |       ||   261
       Troll leather arm |       |       |       |    89 |   378 |   361 |       ||   828
       Ring mail         |       |       |       |       |    11 |       |       ||    11
       Crystal plate arm |       |       |       |       |       |   574 |    52 ||   626
Dodge: Dodged            |    38 |    36 |   108 |   388 |   699 |  1048 |    44 ||  2361
Block: Shield            |    20 |       |       |       |   802 |  2071 |       ||  2893
       Large shield      |   140 |   148 |   290 |   684 |   363 |       |       ||  1625
       Buckler           |       |       |       |       |       |   364 |    36 ||   400
       Rpst.: Long sword |    12 |     9 |       |       |       |       |       ||    21
       Scimitar          |       |       |       |    12 |   171 |   187 |    14 ||   384
       Falchion          |       |       |       |       |       |     1 |       ||     1
